 Dungeon Crawl Stone Soup version 0.31-a0-361-g0f8bd3a31e (webtiles) character file.

Game seed: 8949740017745224531

148 BritishOli the Trooper (level 5, -7/42 HPs)
             Began as a Demonspawn Fighter on July 27, 2023.
             Splashed by a jelly's acid (8 damage)
             ... on level 3 of the Dungeon.
             The game lasted 00:02:25 (2036 turns).

BritishOli the Trooper (Demonspawn Fighter)         Turns: 2036, Time: 00:02:25

Health: -7/42      AC:  2    Str: 25    XL:     5   Next: 8%
Magic:  5/5        EV:  9    Int:  9    God:
Gold:   140        SH:  5    Dex: 16    Spells: 4/4 levels left

rFire   . . .        a - +0 war axe
rCold   . . .        c - +0 buckler
rNeg    . . .        b - +0 scale mail
rPois   .            (no helmet)
rElec   .            (no cloak)
rCorr   .            (no gloves)
SInv    .            (no boots)
Will    .....        (no amulet) Stlth
                     l - ring "Utauhu" {AC+4 Str+6 Dex+4}
HPRegen 0.27/turn    (no ring)
MPRegen 0.09/turn

%: no passive effects
@: corroded
A: hooves 2, demonic magic 1
a: no special abilities


You were on level 3 of the Dungeon.
You visited 1 branch of the dungeon, and saw 3 of its levels.

You collected 140 gold pieces.

Inventory:

Hand Weapons
 a - a +0 war axe (weapon)
Armour
 b - a +0 scale mail (worn)
 c - a +0 buckler (worn)
Jewellery
 l - the ring "Utauhu" (left hand) {AC+4 Str+6 Dex+4}
   (You found it on level 2 of the Dungeon)

   [ring of protection]

   AC:        It affects your AC (+4).
   Str:       It affects your strength (+6).
   Dex:       It affects your dexterity (+4).
 o - a ring of magical power
Scrolls
 h - a scroll of silence {unknown}
 i - 2 scrolls of identify {unknown}
 k - 2 scrolls of enchant weapon {unknown}
 m - a scroll of torment {unknown}
 n - 3 scrolls of noise {unknown}
Potions
 d - a potion of might
 e - a potion of ambrosia {unknown}
 f - a potion of degeneration {unknown}
 g - a potion of attraction {unknown}
 j - a potion of brilliance {unknown}
 p - a potion of magic {unknown}
 q - a potion of curing {unknown}


   Skills:
 + Level 3.8 Fighting
 + Level 2.8 Axes
 + Level 3.4 Armour
 + Level 3.5 Shields


You had 4 spell levels left.
You didn't know any spells.
Your spell library was empty.

Dungeon Overview and Level Annotations

Branches:
Dungeon (3/15)

Altars:
Ashenzari

Annotations:
D:3 Sigmund


Innate Abilities, Weirdness & Mutations

You have hoof-like feet.
Spells you cast may paralyse adjacent enemies.


Message History

The jelly hits you but does no damage. The jelly hits you but does no damage.
The jelly closely misses you. The jelly hits you but does no damage.
The jelly barely misses you. The jelly hits you but does no damage.
The jelly hits you but does no damage. The jelly hits you but does no damage.
The jelly completely misses you. The jelly hits you but does no damage.
The jelly hits you but does no damage. The jelly hits you but does no damage.
The jelly hits you but does no damage. The jelly barely misses you.
The jelly hits you but does no damage. The jelly hits you but does no damage.
The jelly hits you. The acid corrodes you!
You are splashed with acid!
* * * LOW HITPOINT WARNING * * *
The jelly hits you but does no damage. The jelly barely misses you.
The jelly hits you but does no damage. The jelly hits you but does no damage.
The jelly completely misses you. The jelly barely misses you.
The jelly hits you but does no damage. The jelly hits you but does no damage.
The jelly hits you but does no damage.
A worm comes into view.
You block the jelly's attack. The jelly barely misses you.
The jelly hits you but does no damage. The jelly hits you.
* * * LOW HITPOINT WARNING * * *
You are splashed with acid!
* * * LOW HITPOINT WARNING * * *
The jelly hits you but does no damage. The jelly hits you.
* * * LOW HITPOINT WARNING * * *
The acid corrodes you!
You are splashed with acid!
You die...

#.# #.#### ##..## # #[#
#.##<# #...## # #.#
#.##.# #.#..#####
#.#####.##.# #.##......
#..........####.##...###
#######.#.....#.##.#.#
................##.#.###
#######.#.....####.#...†
#@#####.# #.#####
#...)Jl# .# #.# #.##.#.#
. ... .. ..#..# .. ##
... .# ###. .# . . .# #.


You could see a jelly and a frilled lizard.

Vanquished Creatures
  Jessica (D:3)
  Terence (D:3)
  4 gnolls
  An adder (D:3)
  2 dart slugs
  4 bats
  5 endoplasms
  2 giant cockroaches
  6 goblins
  3 hobgoblins
  2 jackals (D:1)
  4 kobolds
  5 ball pythons
  5 frilled lizards
  A rat (D:1)
46 creatures vanquished.

Notes
Turn   | Place    | Note
-------+----------+-------------------------------------------
     0 | D:1      | BritishOli the Demonspawn Fighter began the quest for the
                  | Orb.
     0 | D:1      | Reached XP level 1. HP: 18/18 MP: 1/1
   156 | D:1      | Gained mutation: You have large cloven feet. [demonic
                  | ancestry]
   156 | D:1      | Reached XP level 2. HP: 24/24 MP: 2/2
   892 | D:2      | Identified the ring "Utauhu" {AC+4 Str+6 Dex+4}
   973 | D:2      | Gained mutation: You have hoof-like feet. [demonic
                  | ancestry]
   973 | D:2      | Reached XP level 3. HP: 29/29 MP: 3/3
   993 | D:2      | Found a faded altar of an unknown god.
  1690 | D:3      | Reached XP level 4. HP: 35/35 MP: 4/4
  1767 | D:3      | Found a broken altar of Ashenzari.
  1769 | D:3      | Noticed Jessica
  1773 | D:3      | Killed Jessica
  1832 | D:3      | Noticed Sigmund
  1972 | D:3      | Noticed Terence
  1981 | D:3      | Killed Terence
  1982 | D:3      | Gained mutation: Spells you cast may paralyse adjacent
                  | enemies. [demonic ancestry]
  1982 | D:3      | Reached XP level 5. HP: 33/42 MP: 5/5
  2034 | D:3      | HP: 1/42 [acid (7)]
  2036 | D:3      | Splashed by a jelly's acid

Illustrated notes

Levels and vault maps discovered:
D:1:      scummos_arrival_gate, layout_basic
D:2:      layout_basic, ebering_ecumenical_altar_box
D:3:      layout_basic, ashenzari_conservatory_becter, uniq_terence,
          uniq_jessica, uniq_sigmund

Skill      XL: |  1  2 |
---------------+-------+-----
Axes           | 2 |  2.8
Armour         | 3 |  3.4
Shields        | 3 |  3.5
Fighting       | |  3.8

Action                     |  1- 3 |  4- 6 || total
---------------------------+-------+-------++-------
  Melee: War axe           |    63 |    22 ||    85
         Kick              |    13 |     7 ||    20
 Armour: Scale mail        |    25 |    50 ||    75
  Dodge: Dodged            |    37 |    38 ||    75
  Block: Buckler           |    14 |    10 ||    24

Table legend: (Time is in decaauts)
 A = Elapsed time spent in this place.
 B = Non-inter-level travel time spent in this place.
 C = Inter-level travel time spent in this place.
 D = Time resting spent in this place.
 E = Time spent auto-exploring this place.
 F = Levels seen in this place.
 G = Mean time per level.
                   A        B        C        D        E       F      G
               +--------+--------+--------+--------+--------+-----+--------+
         Total |   2074 |   1958 |    116 |    142 |   1441 |   3 |  691.3 |
       Dungeon |   2074 |   1958 |    116 |    142 |   1441 |   3 |  691.3 |
               +--------+--------+--------+--------+--------+-----+--------+

Top non-repeatable levels by time:
     D:2: 1108 daAuts
     D:1: 621 daAuts
     D:3: 344 daAuts
